 Dungeon Crawl Stone Soup version 0.32-a0-695-g7accb7e (webtiles) character file.

Game seed: 18348665558238098222

332 Toastz the Shooter (level 6, -20/39 HPs)
             Began as a Gargoyle Hunter on Mar 12, 2024.
             Demolished by an ogre
             ... wielding a +0 giant club
              (25 damage)
             ... on level 4 of the Dungeon.
             The game lasted 00:06:04 (3603 turns).

Toastz the Shooter (Gargoyle Hunter)                Turns: 3603, Time: 00:06:04

Health: -20/39     AC: 11    Str: 14    XL:     6   Next: 52%
Magic:  6/6        EV: 11    Int: 10    God:
Gold:   226        SH:  0    Dex: 15    Spells: 5/5 levels left

rFire   . . .        a - +0 shortbow
rCold   . . .        (shield currently unavailable)
rNeg    + . .        c - +0 leather armour
rPois   ∞            p - +2 helmet
rElec   +            e - +0 cloak
rCorr   .            (no gloves)
SInv    .            (no boots)
Will    .....        k - amulet of magic regeneration
Stlth   ++           (no ring)
HPRegen 0.26/turn    (no ring)
MPRegen 0.50/turn

%: no passive effects
@: no status effects
A: sickness immunity, AC +4, negative energy resistance 1, electricity
resistance, torment resistance 1, petrification resistance
a: no special abilities


You were on level 4 of the Dungeon.
You visited 1 branch of the dungeon, and saw 4 of its levels.

You collected 226 gold pieces.

Inventory:

Hand Weapons
 a - a +0 shortbow (weapon)
Armour
 c - a +0 leather armour (worn)
 e - a +0 cloak (worn)
 n - a +0 ring mail
 p - a +2 helmet (worn)
Jewellery
 k - an amulet of magic regeneration (around neck)
Wands
 d - a wand of mindburst (11)
Scrolls
 b - a scroll of butterflies
 g - a scroll of silence
 h - a scroll of blinking
 i - a scroll of teleportation {unknown}
 l - a scroll of immolation {unknown}
Potions
 f - a potion of enlightenment
 j - a potion of heal wounds {unknown}
 m - a potion of curing {unknown}
 o - a potion of brilliance {unknown}


   Skills:
 + Level 4.4 Fighting
 * Level 6.4 Ranged Weapons
 + Level 1.7 Armour
 - Level 1.5 Dodging
 - Level 1.1 Stealth


You had 5 spell levels left.
You didn't know any spells.
Your spell library contained the following spells:

 Spells                   Type           Power      Damage    Failure   Level
 Sandblast                Erth           0%         2d4       43%         1
 Ensorcelled Hibernation  Hex/Ice        0%         N/A       56%         2
 Frozen Ramparts          Ice            0%         1d1       80%         3
 Ozocubu's Armour         Ice            0%         N/A       80%         3
 Passwall                 Erth           0%         N/A       80%         3
 Stone Arrow              Conj/Erth      0%         3d7       80%         3
 Swiftness                Air            0%         N/A       80%         3
 Brom's Barrelling Bould  Conj/Erth      0%         2d3       99%         4
 Metabolic Englaciation   Hex/Ice        0%         N/A       100%        5


Dungeon Overview and Level Annotations

Branches:
Dungeon (4/15)
 Temple: D:4-7

Altars:


Innate Abilities, Weirdness & Mutations

You are immune to sickness and miasma.
Your stone body is resilient. (AC +4)
You are immune to poison.
You resist negative energy. (rN+)
You are resistant to electric shocks. (rElec)
You are resistant to unholy torment.
You are immune to petrification.


Message History

The hobgoblin is severely wounded.
No target in view!
No target in view!
A hobgoblin is nearby!
You shoot an arrow. The arrow closely misses the hobgoblin.
You shoot an arrow. The arrow hits the hobgoblin.
You kill the hobgoblin!
No target in view!
Found 5 stones.
You see here 5 stones.
An ogre comes into view. It is wielding a +0 giant club.
An ogre is nearby!
You shoot an arrow.
The arrow hits the ogre but does no damage.
You shoot an arrow. The arrow barely misses the ogre.
You shoot an arrow. The arrow hits the ogre.
The ogre is lightly wounded.
You shoot an arrow. The arrow hits the ogre.
The ogre is moderately wounded.
You shoot an arrow. The arrow hits the ogre!
The ogre is heavily wounded.
You shoot an arrow. The arrow hits the ogre.
The ogre is severely wounded.
The ogre hits you with a +0 giant club!!
Ouch! That really hurt!
You are too injured to fight recklessly!
Fire: a) +0 shortbow
Press: ? - help, Q - select action, (/) - cycle Shift-Dir - straight line, f/p - ogre
Aim: an ogre, wielding a +0 giant club (severely wounded, 77% to hit)
You shoot an arrow. The arrow hits the ogre.
The ogre is almost dead.
The ogre hits you with a +0 giant club!
* * * LOW HITPOINT WARNING * * *
Fire: a) +0 shortbow
Press: ? - help, Q - select action, (/) - cycle Shift-Dir - straight line, f/p - ogre
Aim: an ogre, wielding a +0 giant club (almost dead, 77% to hit)
You shoot an arrow. The arrow closely misses the ogre.
The ogre hits you with a +0 giant club!!
Ouch! That really hurt!
You die...

.###. ......### ...
#.#.....# #.#
#......# #.# #.....#
#.# #.....# #.#
#....O# #.#
#....@#####.#
###.........#
#########.# #.# ## .
########.# #####.
..####.....##.#
#...#. ...........#.#
###...#. #...#......#
#.......
#..........###.......


You could see an ogre.

Vanquished Creatures
  Menkaure (D:4)
  A jelly (D:4)
  Robin (D:2)
  7 adders
  3 ribbon worms
  5 dart slugs
  2 orcs (D:3)
  7 endoplasms
  5 giant cockroaches
  13 goblins
  13 hobgoblins
  2 quokkas
  6 ball pythons
  7 bats
  2 frilled lizards
  5 kobolds
  3 rats
83 creatures vanquished.

Notes
Turn   | Place    | Note
-------+----------+-------------------------------------------
     0 | D:1      | Toastz the Gargoyle Hunter began the quest for the Orb.
     0 | D:1      | Reached XP level 1. HP: 12/12 MP: 1/1
   286 | D:1      | Reached XP level 2. HP: 16/18 MP: 2/2
   456 | D:1      | You fall into a shaft and drop 1 floor!
   498 | D:2      | Noticed Robin
   500 | D:2      | Reached XP level 3. HP: 22/22 MP: 3/3
   525 | D:2      | Killed Robin
   679 | D:2      | Reached skill level 5 in Ranged Weapons
   679 | D:2      | Reached XP level 4. HP: 25/28 MP: 4/4
  1482 | D:2      | Found a faded altar of an unknown god.
  2073 | D:3      | Reached XP level 5. HP: 24/33 MP: 5/5
  3329 | D:4      | Noticed Menkaure
  3333 | D:4      | Killed Menkaure
  3334 | D:4      | Reached skill level 6 in Ranged Weapons
  3334 | D:4      | Reached skill level 1 in Armour
  3334 | D:4      | Reached XP level 6. HP: 27/39 MP: 6/6
  3603 | D:4      | Demolished by an ogre

Illustrated notes

Levels and vault maps discovered:
D:1:      kilobyte_arrival_exit_the_forest, layout_loops_ring,
          minmay_heptomino_o4
D:2:      layout_basic, shapermc_ecumenical_altar_gd, kennysheep_generic_room_6,
          uniq_robin
D:3:      layout_basic
D:4:      layout_loops_cross, skrybe_limestone_x, uniq_menkaure

Skill      XL: |  1  2  3  4  5 |
---------------+----------------+-----
Fighting       | 3 4 |  4.4
Ranged Weapons | 5 6 |  6.4
Armour         | 1 |  1.7
Dodging        | |  1.5
Stealth        | |  1.1

Action                     |  1- 3 |  4- 6 || total
---------------------------+-------+-------++-------
   Fire: Shortbow          |    93 |   206 ||   299
  Evoke: Wand              |       |     3 ||     3
    Use: Scroll            |       |     3 ||     3
 Armour: Leather armour    |    33 |    63 ||    96
  Dodge: Dodged            |    41 |    53 ||    94

Table legend: (Time is in decaauts)
 A = Elapsed time spent in this place.
 B = Non-inter-level travel time spent in this place.
 C = Inter-level travel time spent in this place.
 D = Time resting spent in this place.
 E = Time spent auto-exploring this place.
 F = Levels seen in this place.
 G = Mean time per level.
                   A        B        C        D        E       F      G
               +--------+--------+--------+--------+--------+-----+--------+
         Total |   3665 |   3397 |    268 |     70 |   2803 |   4 |  916.2 |
       Dungeon |   3665 |   3397 |    268 |     70 |   2803 |   4 |  916.2 |
               +--------+--------+--------+--------+--------+-----+--------+

Top non-repeatable levels by time:
     D:2: 1258 daAuts
     D:1: 930 daAuts
     D:3: 856 daAuts
     D:4: 620 daAuts
